 Dungeon Crawl Stone Soup version 0.26.0-41-g79a4fc7684 (webtiles) character file.

Game seed: 8323841966320573616

23445 kaeus the Cleaver (level 12, -1/107 (110) HPs)
             Began as a Minotaur Berserker on Jan 26, 2021.
             Was a High Priest of Trog.
             Slain by Frances
             ... wielding a +1 short sword of draining
              (3 damage)
             ... on level 13 of the Dungeon.
             The game lasted 00:20:11 (15954 turns).

kaeus the Cleaver (Minotaur Berserker)             Turns: 15954, Time: 00:20:12

HP:   -1/107 (110)  AC: 23    Str: 34    XL:     12   Next: 71%
MP:   11/11         EV: 11    Int:  4    God:    Trog [*****.]
Gold: 894           SH: 13    Dex:  9    Spells: 11/11 levels left

rFire    . . .     SeeInvis +   M - +4 broad axe (vorpal)
rCold    . . .     Faith    .   s - +0 kite shield
rNeg     . . .     Spirit   .   D - +0 plate armour
rPois    .         Reflect  .   H - +1 hat
rElec    .         Harm     .   h - +2 cloak
rCorr    .         Rampage  .   o - +2 pair of gloves
Will     ++...                  (no boots)
Stlth    ..........             (no amulet)
HPRegen  1.27/turn              K - ring of see invisible
MPRegen  0.12/turn              I - +6 ring of strength

@: lethally poisoned (-1 -> -1), berserk cooldown, regenerating, slowed, lightly
drained, very slow
A: retaliatory headbutt, horns 2
a: Renounce Religion, Berserk, Trog's Hand, Brothers in Arms


You were on level 13 of the Dungeon.
You worshipped Trog.
Trog was extremely pleased with you.
You visited 2 branches of the dungeon, and saw 16 of its levels.

You collected 894 gold pieces.

Inventory:

Hand Weapons
 A - a +0 battleaxe of distortion
 M - a +4 vorpal broad axe (weapon)
Armour
 h - a +2 cloak (worn)
 o - a +2 pair of gloves (worn)
 s - a +0 kite shield (worn)
 D - a +0 plate armour (worn)
 H - a +1 hat (worn)
Jewellery
 l - a cursed -4 ring of dexterity {unknown}
 p - a +6 ring of intelligence
 q - an uncursed ring of flight
 t - an uncursed ring of magical power
 I - a +6 ring of strength (right hand)
 K - a ring of see invisible (left hand)
Wands
 b - a wand of random effects (13)
 k - a wand of iceblast (4)
 u - a wand of paralysis (12)
 w - a wand of digging (10)
 z - a wand of polymorph (42)
 F - a wand of enslavement (12)
Scrolls
 c - a scroll of magic mapping
 d - 6 scrolls of teleportation
 e - 6 scrolls of remove curse
 f - 4 scrolls of fear
 j - 3 scrolls of blinking
 r - a scroll of enchant armour
Potions
 a - 2 potions of invisibility
 g - 4 potions of attraction
 i - 4 potions of curing
 m - a potion of ambrosia
 n - a potion of experience {unknown}
 v - a potion of flight {unknown}
 x - 3 potions of magic
 B - 2 potions of degeneration {unknown}
 C - 3 potions of lignification
 E - 4 potions of haste
 G - a potion of might
 J - a potion of resistance {unknown}


   Skills:
 + Level 11.2 Fighting
 * Level 14.9 Axes
 + Level 11.0 Armour
 + Level 10.1 Dodging
 + Level 9.8 Shields


You had 11 spell levels left.
You didn't know any spells.
Your spell library contained the following spells:

 Spells                   Type           Power        Failure   Level
 Apportation              Tloc           0%           99%         1
 Beastly Appendage        Tmut           0%           99%         1
 Corona                   Hex            0%           99%         1
 Ensorcelled Hibernation  Hex/Ice        0%           100%        2
 Slow                     Hex            0%           100%        2
 Wereblood                Tmut           0%           100%        2
 Confusing Touch          Hex            0%           100%        3
 Dazzling Flash           Conj/Hex       0%           100%        3
 Inner Flame              Hex/Fire       0%           100%        3
 Lesser Beckoning         Tloc           0%           100%        3
 Portal Projectile        Hex/Tloc       0%           100%        3
 Spider Form              Tmut/Pois      0%           100%        3
 Tukima's Dance           Hex            0%           100%        3
 Cause Fear               Hex            0%           100%        4
 Ice Form                 Ice/Tmut       0%           100%        4
 Leda's Liquefaction      Hex/Erth       0%           100%        4
 Summon Lightning Spire   Summ/Air       0%           100%        4
 Alistair's Intoxication  Tmut/Pois      0%           100%        5
 Blade Hands              Tmut           0%           100%        5
 Silence                  Hex/Air        0%           100%        5
 Conjure Ball Lightning   Conj/Air       0%           100%        6
 Invisibility             Hex            0%           100%        6
 Tornado                  Air            0%           100%        9


Dungeon Overview and Level Annotations

Branches:
Dungeon (15/15)            Temple (1/1) D:7            Lair (0/6) D:11
    Orc (0/2) D:12
 Vaults: D:13-14     Depths: D:15

Altars:
Ashenzari
Cheibriados
Dithmenos
Elyvilon
Fedhas
Gozag
Hepliaklqana
Kikubaaqudgha
Makhleb
Nemelex Xobeh
Okawaru
Qazlal
Ru
Sif Muna
Trog
Uskayaw
Vehumet
Wu Jian
Xom
Yredelemnul
Zin
The Shining One

Shops:
D:6 :

Annotations:
D:7 1 runed translucent door
D:13 Frances
D:15 Nessos


Innate Abilities, Weirdness & Mutations

You reflexively headbutt those who attack you in melee.
You have a pair of horns on your head.


Message History

Your ogre's corpse disappears in a puff of smoke!
Frances chants phrases taken from a devil's mouth.
The iron shot hits you!!!
Ouch! That really hurt!
* * * LOW HITPOINT WARNING * * *
Your Armour skill increases to level 11!
You take 64 damage, and have 10/110 hp.
MASSIVE DAMAGE!!
A killer bee comes into view.
Frances screams a word of power!
You regained 2 hp, and now have 12/110 hp.
The killer bee buzzes angrily.
You slice Frances!!
Frances is heavily wounded.
You miss the neqoxec.
You feel sick.
You hear a bellow!
A killer bee comes into view.
Frances hits you with a +1 short sword of draining!
* * * LOW HITPOINT WARNING * * *
You feel drained.
You die...

#.##.### #y#....#
##......#
#.......###
.....y..^.##
..........>##..
......†††§........
......†.3###########
......†.@@.........#
.........####8###8##
.........8 ...
......#..## ##8#
......##.. ...
.....# [.# ### .....
##. ... .


You could see Frances (fast), a neqoxec (summoned) and 2 killer bees.

Vanquished Creatures
  Snorg (D:11)
  2 hydras
  An unseen horror (D:12)
  A wizard (D:14)
  A wolf spider zombie (D:12)
  Pikel (D:5)
  2 cyclopes
  Maurice (D:12)
  Grinder (D:6)
  5 wraiths
  4 wyverns
  Sigmund (D:3)
  19 yaks
  3 basilisks
  A soldier ant (D:11)
  Edmund (D:5)
  7 water moccasins
  A hornet zombie (D:8)
  4 ice beasts
  8 orc warriors
  An eye of draining (D:9)
  A necrophage (D:10)
  3 phantoms (D:12)
  4 sky beasts
  14 ogres
  16 centaurs
  A big kobold (D:11)
  Blork the orc (D:6)
  4 bullfrogs
  2 scorpions
  3 troll zombies (D:12)
  24 killer bees
  9 wights
  A howler monkey (D:6)
  A bullfrog zombie (D:9)
  5 centaur zombies
  2 jellies
  Crazy Yiuf (D:5)
  13 orc priests
  4 gnoll shamans (D:11)
  7 hounds
  5 iguanas
  Natasha (thrice) (D:2)
  10 orc wizards
  16 worker ants
  4 ogre zombies (D:12)
  A hound zombie (D:8)
  A worker ant zombie (D:10)
  20 gnolls
  11 adders
  A shadow imp (D:5)
  2 white imps
  3 ufetubi
  An ooze (D:4)
  An adder zombie (D:9)
  A worm (D:4)
  2 dart slugs
  2 leopard geckos
  55 orcs
  8 bats
  11 giant cockroaches
  5 goblins
  3 hobgoblins
  19 jackals
  6 quokkas
  A ball python (D:2)
  3 frilled lizards
  3 goblin skeletons (D:12)
  4 goblin zombies (D:12)
  3 hobgoblin zombies (D:12)
  3 kobolds
  4 orc skeletons (D:12)
  10 orc zombies (D:12)
  2 quokka skeletons
  7 rats
  A spectral orc (D:6)
  3 butterflies (D:7)
417 creatures vanquished.

Vanquished Creatures (collateral kills)
  Gastronok (D:8)
  A centaur warrior (D:15)
  An unseen horror (D:13)
  A deep elf mage (D:13)
  A centaur zombie (D:15)
  A wraith (D:13)
  3 centaurs (D:15)
  2 wights (D:15)
11 creatures vanquished.

Vanquished Creatures (others)
  2 bushes (D:11)
  8 fungi (D:11)
  43 plants
53 creatures vanquished.

Grand Total: 481 creatures vanquished

Notes
Turn   | Place    | Note
-------+----------+-------------------------------------------
     0 | D:1      | kaeus the Minotaur Berserker began the quest for the Orb.
     0 | D:1      | Reached XP level 1. HP: 19/19 MP: 0/0
   213 | D:1      | Reached XP level 2. HP: 18/27 MP: 1/1
   478 | D:1      | Reached skill level 4 in Axes
   842 | D:2      | Noticed Natasha
   851 | D:2      | Killed Natasha
   852 | D:2      | Reached XP level 3. HP: 12/33 MP: 2/2
  1056 | D:2      | Reached ** piety under Trog
  1356 | D:2      | Reached XP level 4. HP: 40/40 MP: 3/3
  1692 | D:2      | Noticed Natasha
  1695 | D:2      | Killed Natasha
  2046 | D:2      | Noticed Natasha
  2052 | D:2      | Killed Natasha
  2053 | D:2      | Reached skill level 5 in Axes
  2295 | D:3      | Found a hide-covered altar of Uskayaw.
  2310 | D:3      | Reached XP level 5. HP: 37/47 MP: 4/4
  2379 | D:3      | Noticed Sigmund
  2387 | D:3      | Killed Sigmund
  2388 | D:3      | Reached XP level 6. HP: 39/55 MP: 5/5
  2573 | D:3      | Found a broken altar of Ashenzari.
  2643 | D:3      | Reached skill level 5 in Fighting
  2808 | D:3      | Found a faded altar of an unknown god.
  2925 | D:4      | Reached skill level 6 in Axes
  3178 | D:4      | Reached *** piety under Trog
  3187 | D:4      | Reached XP level 7. HP: 51/61 MP: 6/6
  3775 | D:4      | Reached skill level 7 in Axes
  3956 | D:5      | Entered Level 5 of the Dungeon
  3966 | D:5      | Found a sparkling altar of Nemelex Xobeh.
  4016 | D:5      | Found an ancient bone altar of Kikubaaqudgha.
  4016 | D:5      | Found a bloodstained altar of Trog.
  4052 | D:5      | Reached skill level 5 in Armour
  4251 | D:5      | Reached skill level 1 in Shields
  4357 | D:5      | Noticed Pikel
  4371 | D:5      | Killed Pikel
  4372 | D:5      | Reached skill level 8 in Axes
  4372 | D:5      | Reached skill level 5 in Dodging
  4372 | D:5      | Reached XP level 8. HP: 71/71 MP: 7/7
  4590 | D:5      | Found a runed translucent door.
  4591 | D:5      | Noticed Crazy Yiuf
  4821 | D:5      | Noticed Edmund
  4836 | D:5      | Killed Edmund
  4881 | D:5      | Reached **** piety under Trog
  5402 | D:5      | Killed Crazy Yiuf
  5613 | D:6      | Reached skill level 9 in Axes
  5638 | D:6      | Noticed Grinder
  5641 | D:6      | Paralysed by Grinder for 2 turns
  5688 | D:6      | Killed Grinder
  5689 | D:6      | Reached XP level 9. HP: 77/79 MP: 8/8
  5943 | D:6      | Found Wuetrie's Book Shoppe.
  6008 | D:6      | Found a broken altar of Ashenzari.
  6129 | D:6      | Noticed Blork the orc
  6133 | D:6      | Killed Blork the orc
  6719 | D:6      | Found a basalt altar of Yredelemnul.
  6915 | D:7      | Reached skill level 10 in Axes
  7208 | D:7      | Reached skill level 5 in Shields
  7329 | D:7      | Found a runed translucent door.
  7330 | D:7      | Found a runed translucent door.
  7686 | D:7      | Found a staircase to the Ecumenical Temple.
  7824 | D:7      | Reached ***** piety under Trog
  8041 | Temple   | Entered the Ecumenical Temple
  8656 | D:8      | Reached XP level 10. HP: 79/88 MP: 9/9
  8801 | D:8      | Noticed Gastronok
  8810 | D:8      | Killed Gastronok
  8811 | D:8      | Reached skill level 11 in Axes
 10589 | D:10     | Entered Level 10 of the Dungeon
 10743 | D:10     | Reached skill level 12 in Axes
 10946 | D:10     | Received a gift from Trog
 11521 | D:11     | Reached XP level 11. HP: 97/97 MP: 10/10
 11978 | D:11     | Found a staircase to the Lair.
 12061 | D:11     | Noticed Snorg
 12069 | D:11     | Reached skill level 13 in Axes
 12077 | D:11     | Killed Snorg
 12078 | D:11     | Reached skill level 10 in Fighting
 13216 | D:12     | Reached skill level 10 in Armour
 13224 | D:12     | Received a gift from Trog
 13233 | D:12     | Noticed an unseen horror
 13255 | D:12     | Killed an unseen horror
 13490 | D:12     | Reached XP level 12. HP: 100/107 MP: 11/11
 13567 | D:12     | Noticed Maurice
 13572 | D:12     | Found a staircase to the Orcish Mines.
 13580 | D:12     | Killed Maurice
 13600 | D:12     | Reached skill level 14 in Axes
 13644 | D:12     | You fall into a shaft and drop 3 floors!
 13644 | D:15     | Entered Level 15 of the Dungeon
 13658 | D:15     | Noticed a centaur warrior
 13671 | D:15     | Killed a centaur warrior
 14121 | D:15     | Noticed a four-headed hydra
 14121 | D:15     | Noticed Nessos
 14121 | D:15     | Noticed a six-headed hydra
 14121 | D:15     | Noticed a catoblepas
 14122 | D:15     | Noticed a seven-headed hydra
 14124 | D:15     | Noticed a four-headed hydra
 14514 | D:15     | Noticed a seven-headed hydra
 14750 | D:14     | Killed a ten-headed hydra
 15921 | D:13     | Noticed a five-headed hydra
 15939 | D:13     | Killed a nine-headed hydra
 15940 | D:13     | Reached skill level 10 in Dodging
 15950 | D:13     | Noticed Frances
 15954 | D:13     | HP: 2/110 [Frances/+1 short sword of draining (11)]
 15954 | D:13     | Slain by Frances

Illustrated notes

Levels and vault maps discovered:
D:1:      dpeg_arrival_long_road, layout_loops_cross
D:2:      layout_basic, serial_bayou_crossing, uniq_natasha
D:3:      layout_rooms, eat_drink_and_be_merry_uskayaw,
          ashenzari_conservatory_becter, chequers_ecumenical_altar_twisty,
          uniq_sigmund
D:4:      layout_loops_ring
D:5:      layout_loops_ring, gammafunk_temple_overflow_statue,
          nemelex_xobeh_ov_fountains_minmay, uniq_crazy_yiuf_cottage,
          uniq_pikel, uniq_edmund
D:6:      layout_basic, yredelemnul_forgotten_temple_becter, serial_shops,
          shop_statue, evilmike_ruin_ashenzari, uniq_grinder, uniq_blork_the_orc
D:7:      lemuel_insect_pit, layout_rooms, minmay_temple_entry_antechambers
D:8:      layout_basic, eino_jars, uniq_gastronok
D:9:      layout_basic
D:10:     layout_long_grid
D:11:     kennysheep_seaside_town, layout_long_grid, minmay_lair_entry_grove,
          uniq_snorg
D:12:     layout_loops_ring, zombieorc2_lemuel, lightli_minifort, uniq_maurice
D:13:     layout_cave_pools, enter_bailey_8, portal_ice_cave_rime,
          uniq_josephine, uniq_frances, uniq_kirke
D:14:     layout_stronghold, skrybe_vaults_entry_preservation
D:15:     grunt_enter_depths_hoard, layout_cave_pods, cheibriados_altar_2,
          special_room [special_room_mythical_zoo], uniq_nessos
Temple:   eino_temple_scatter_basement

Skill      XL: |  1  2  3  4  5  6  7  8  9 10 11 12 |
---------------+-------------------------------------+-----
Fighting       | 4 5 6 7 8 9 10 11 | 11.2
Axes           | 4 5 6 8 9 10 12 13 14 | 14.9
Armour         | 3 4 5 6 7 9 10 11 | 11.0
Dodging        | 3 4 5 6 8 9 10 | 10.1
Shields        | 2 4 5 7 8 9 |  9.8

Action                   |  1- 3 |  4- 6 |  7- 9 | 10-12 || total
-------------------------+-------+-------+-------+-------++-------
Melee: Hand axe          |    57 |    99 |   470 |   208 ||   834
       Headbutt          |    10 |    15 |    88 |   102 ||   215
       Broad axe         |       |       |       |   325 ||   325
Invok: Berserk           |       |     2 |     6 |    12 ||    20
       Trog's Hand       |       |       |     2 |     1 ||     3
       Brothers in Arms  |       |       |       |     6 ||     6
 Abil: Evoke Flight      |       |       |       |     1 ||     1
Evoke: Wand              |       |       |       |     1 ||     1
  Use: Scroll            |       |       |     9 |    16 ||    25
       Potion            |       |       |       |     2 ||     2
 Stab: Sleeping          |     1 |       |       |       ||     1
Armor: Animal skin       |     9 |     3 |       |       ||    12
       Chain mail        |       |    45 |   157 |       ||   202
       Plate armour      |       |       |    50 |   329 ||   379
Dodge: Dodged            |    40 |    39 |   136 |   226 ||   441
Block: Kite shield       |       |       |   189 |   352 ||   541
